Map: Oceanborn LE

Players

DRG

  • Race: Zerg Zerg
  • Spawn Location: 5:00

Classic - Winner!

  • Race: Protoss Protoss
  • Spawn Location: 11:00

VOD

Have the link to the VOD?

Description

Time

  • Played on: Dec. 27, 2023, 6:42 a.m.
  • Length: 7:07
Show
View Real Time Build Order
Export as new Build Order

DRG Zerg 

Build Orders: Hatch First 

Get SALT Encoding   

  12  0:00  Drone  
  13  0:12  Overlord  
  13  0:16  Drone  
  14  0:30  Drone x2  
  14  0:33  Drone  
  17  0:51  Hatchery  
  17  0:54  Drone  
  17  0:57  Drone  
  18  1:05  Drone  
  18  1:09  Extractor  
  18  1:15  Spawning Pool  
  18  1:18  Drone  
  18  1:28  Drone  
  19  1:38  Drone  
  20  1:49  Drone  
  21  1:59  Overlord  
  21  2:02  Queen  
  21  2:03  Queen  
  21  2:05  Zergling x2  
  26  2:11  Zergling x2  
  26  2:15  Drone  
  28  2:19  Metabolic Boost  
  28  2:21  Drone  
  29  2:25  Drone  
  30  2:33  Drone  
  30  2:35  Drone  
  32  2:38  Hatchery  
  31  2:45  Queen  
  31  2:50  Overlord  
  33  2:54  Drone  
  33  2:55  Drone  
  35  3:03  Overlord  
  35  3:06  Drone  
  35  3:11  Queen  
  38  3:13  Drone x2  
  38  3:14  Drone  
  38  3:16  Drone  
  43  3:20  Drone  
  43  3:21  Zergling x2  
  43  3:25  Queen  
  46  3:29  Zergling x2  
  46  3:31  Overlord  
  45  3:46  Overlord  
  43  3:50  Spore Crawler, Drone  
  43  3:51  Drone x3  
  43  3:53  Drone x2  
  49  3:57  Drone x2  
  49  4:00  Evolution Chamber  
  49  4:02  Spore Crawler  
  49  4:04  Spore Crawler  
  49  4:06  Drone  
  49  4:08  Spore Crawler  
  48  4:11  Drone  
  48  4:14  Drone x2  
  51  4:18  Drone x2  
  51  4:22  Drone  
  51  4:23  Drone x2  
  57  4:24  Drone  
  57  4:27  Zergling x2  
  57  4:29  Zerg Melee Weapons Level 1  
  58  4:33  Drone x3  
  58  4:35  Drone  
  58  4:36  Zergling x2  
  63  4:38  Zergling x2  
  63  4:40  Drone  
  63  4:42  Overlord  
  63  4:45  Spore Crawler  
  63  4:46  Overlord  
  63  4:50  Overlord  
  60  4:53  Overlord  
  60  4:56  Overlord  
  61  5:00  Drone x4  
  61  5:03  Drone x3  
  68  5:07  Drone x3  
  68  5:14  Lair  
  71  5:15  Zergling x6  
  71  5:18  Extractor  
  71  5:19  Extractor  
  72  5:22  Drone  
  72  5:24  Drone x3  
  72  5:25  Roach Warren, Drone  
  76  5:29  Drone  
  76  5:30  Drone x2  
  79  5:36  Hatchery  
  79  5:41  Drone  
  78  5:47  Drone x6  
  84  5:50  Drone x2  
  84  5:53  Drone x3  
  89  6:01  Extractor  
  89  6:02  Extractor  
  89  6:03  Extractor  
  86  6:07  Zergling x16  
  94  6:11  Roach  
  94  6:13  Spine Crawler  
  94  6:14  Spine Crawler, Roach  
  94  6:16  Roach  
  98  6:20  Roach x3  
  98  6:24  Roach  
  106  6:27  Overlord  
  106  6:29  Overlord  
  105  6:37  Overlord  
  105  6:38  Roach x2  
  105  6:41  Overlord  
  105  6:44  Zergling x6  
  105  6:45  Overlord  
  104  6:50  Zergling x8  
Show
View Real Time Build Order
Export as new Build Order

Classic Protoss - Winner!

Build Orders: 1 Gate Expand, Oracle Opening, Phoenix Opening 

Get SALT Encoding   

  12  0:00  Probe  
  13  0:12  Probe  
  14  0:17  Pylon  
  14  0:24  Probe  
  15  0:36  Probe (Chrono Boost)  
  15  0:37  Gateway  
  16  0:45  Probe (Chrono Boost)  
  16  0:46  Assimilator  
  17  0:50  Probe (Chrono Boost)  
  18  1:03  Probe  
  19  1:15  Probe  
  20  1:24  Nexus  
  20  1:27  Probe  
  21  1:38  Cybernetics Core  
  21  1:40  Probe  
  21  1:45  Assimilator  
  22  1:52  Pylon  
  22  1:54  Probe  
  23  2:10  Probe  
  23  2:12  Adept (Chrono Boost)  
  26  2:16  Stargate  
  26  2:22  Probe  
  27  2:23  Warp Gate  
  27  2:34  Adept, Probe (Chrono Boost)  
  27  2:36  Probe (Chrono Boost)  
  33  2:44  Probe (Chrono Boost)  
  33  2:45  Probe (Chrono Boost)  
  33  2:49  Probe (Chrono Boost)  
  33  2:50  Probe (Chrono Boost)  
  35  2:59  Phoenix (Chrono Boost)  
  35  3:01  Probe  
  35  3:02  Probe  
  39  3:08  Pylon  
  39  3:13  Probe  
  39  3:14  Probe  
  39  3:19  Adept  
  43  3:20  Oracle (Chrono Boost)  
  43  3:26  Gateway  
  46  3:28  Probe x2  
  48  3:38  Pylon  
  48  3:40  Probe x2  
  48  3:49  Oracle (Chrono Boost)  
  51  4:01  Nexus  
  50  4:09  Twilight Council  
  49  4:11  Adept  
  51  4:18  Gateway  
  51  4:19  Gateway  
  51  4:20  Adept  
  53  4:28  Gateway  
  53  4:34  Robotics Facility  
  53  4:37  Gateway  
  53  4:41  Gateway  
  53  4:50  Charge (Chrono Boost)  
  53  4:56  Gateway  
  53  5:02  Zealot, Adept  
  53  5:05  Pylon  
  53  5:06  Pylon  
  57  5:17  Probe  
  57  5:20  Warp Prism (Chrono Boost)  
  58  5:25  Zealot x5  
  70  5:28  Pylon  
  70  5:29  Probe  
  71  5:44  Probe  
  71  5:46  Zealot x2  
  76  5:52  Zealot x6  
  76  5:56  Pylon  
  88  6:14  Pylon  
  88  6:16  Zealot x7  
  88  6:17  Zealot  
  104  6:36  Zealot x6  
  114  6:41  Zealot, Pylon  
  114  6:43  Zealot, Pylon  
Tags
 
Add a new tag
Caveats
  • Supply blocks, unpowered buildings, or Contaminate may cause inaccurate times.
  • Supply counts are checked every 10 seconds.